[Event "Titled Tuesday Blitz May 30 Early 2023"]
[White "Quintiliano Pinto, Renato R."]
[Black "Shukhman, Anna"]
[WhiteFideId "2117568"]
[BlackFideId "54180058"]
[WhiteElo "2459"]
[BlackElo "2235"]
[Result "1-0"]
[Round "09"]
[TimeControl "180+2"]
[Date "2023.05.30"]
[WhiteClock "0:00:12"]
[BlackClock "0:00:13"]

1. d4 Nf6 2. Nf3 g6 3. c4 Bg7 4. Nc3 d5 5. e3 O-O 6. cxd5 Nxd5 7. Bc4 Nb6 8. Bb3 Bg4 9. h3 Bxf3 10. Qxf3 N8d7 11. a4 c5 12. a5 Nc8 13. O-O cxd4 14. exd4 Nd6 15. d5 Rc8 16. Re1 Ne5 17. Qe2 Nf5 18. Rd1 Qc7 19. Bf4 Kh8 20. Ra4 Rfd8 21. Re4 f6 22. a6 bxa6 23. Qxa6 Qb6 24. Qxb6 axb6 25. Bxe5 fxe5 26. Ba4 Rc5 27. Kf1 Kg8 28. Rd3 Nd6 29. Rb4 Ra8 30. Bb3 Ra1+ 31. Rd1 Rxd1+ 32. Bxd1 e4 33. Nxe4 Rc1 34. Ke2 Nxe4 35. Rxe4 Kf8 36. Rb4 Rb1 37. b3 Rb2+ 38. Kf3 Ke8 39. Be2 Rc2 40. Rxb6 Rc3+ 41. Ke4 Kd7 42. Rb7+ Kd6 43. Bc4 Rc1 44. Ke3 Bh6+ 45. Ke2 Rc2+ 46. Ke1 Bg7 47. Rb6+ Kd7 48. Bb5+ Kd8 49. Rb8+ Kc7 50. Rg8 Bc3+ 51. Kf1 Bd4 52. f3 Rf2+ 53. Ke1 Rxg2 54. Re8 Rb2 55. Rxe7+ Kd6 56. Re6+ Kxd5 57. Bc4+ Kc5 58. Re7 h5 59. Re6 Rg2 60. Bd3 Rg3 61. Ke2 Rxh3 62. Rxg6 Rh2+ 63. Kd1 Kb4 64. Bc4 Kc3 65. Ke1 Rh1+ 66. Ke2 h4 67. Rh6 h3 68. f4 h2 69. Kf3 Bg7 70. Rh3 Kd4 71. Kg2 Rg1+ 72. Kxh2 Rc1 73. Rd3+ Ke4 74. Rd7 Bf6 75. Rf7 Bd4 76. f5 Rc2+ 77. Kg3 Rc1 78. f6 Rg1+ 79. Kh2 Rg6 80. Re7+ Kf4 81. f7 Rh6+ 82. Kg2 Rg6+ 83. Kf1 Rf6 84. Ke2 Bc5 85. Rd7 Kg5 86. Kd3 Rf3+ 87. Kc2 Kg6 88. Rc7 Bb4 89. Rc6+ Kg7 90. Rc8 Rc3+ 91. Kb2 Rf3 92. Rg8+ Kh6 93. Rg2 Be7 94. Kc2 Bb4 95. Kd1 Rf1+ 96. Ke2 Rf6 97. Kd3 Rf4 98. Ke3 Bd6 99. Rd2 Bc7 100. Rd7 Be5 101. Re7 Bb8 102. Re6+ Kg7 103. Re8 Bd6 104. Re6 Rf6 105. Rxf6 Kxf6 106. Ke4 Ke7 107. Bd5 Kd7 108. Kf5 Bf8 109. Kg6 Kd8 110. Kh7 Kd7 111. Kg8 Ke7 112. b4 Bh6 113. b5 Bf8 114. b6 Kd6 115. Kxf8 Kxd5 116. b7 Kc6 117. b8=Q Kd5 118. Qd8+ Kc6 119. Ke7 Kc5 120. Qd6+ Kb5 121. f8=Q Kc4 122. Qff4+ Kb5 123. Qfe5+ Kc4 124. Qdd4+ Kb3 125. Qee3+ Kc2 126. Qdd2+ 1-0


[Site "https://www.chess.com"]

[Event "Titled Tuesday Blitz May 30 Early 2023"]
[White "Novikov, Evgenij"]
[Black "Boyer, Mahel"]
[WhiteFideId "4125380"]
[BlackFideId "45102422"]
[WhiteElo "2242"]
[BlackElo "2439"]
[Result "1-0"]
[Round "09"]
[TimeControl "180+2"]
[Date "2023.05.30"]
[WhiteClock "0:00:19"]
[BlackClock "0:00:01"]

1. d4 d5 2. c4 c6 3. Nf3 Nf6 4. Nc3 dxc4 5. a4 Bf5 6. e3 e6 7. Bxc4 Bb4 8. Qb3 a5 9. O-O O-O 10. h3 Na6 11. Rd1 Qe7 12. Nh4 Bd6 13. Re1 Be4 14. Nxe4 Nxe4 15. Nf3 Nb4 16. Nd2 f5 17. Nf3 Kh8 18. Bd2 Nd5 19. Rad1 g5 20. Ne5 Nxd2 21. Rxd2 Bb4 22. Rde2 Bxe1 23. Rxe1 Qb4 24. Qd1 Qxb2 25. Qh5 Qc3 26. Rf1 Nxe3 27. fxe3 Qxe3+ 28. Kh1 Qxd4 29. Re1 Qd8 30. Nf7+ Rxf7 31. Qxf7 Qd2 32. Qf6+ Kg8 33. Bxe6# 1-0


[Site "https://www.chess.com"]

[Event "Titled Tuesday Blitz May 30 Early 2023"]
[White "Oleksiyenko, Mykhaylo"]
[Black "Atoufi, Pedram"]
[WhiteFideId "4152417"]
[BlackFideId "12501654"]
[WhiteElo "2551"]
[BlackElo "2228"]
[Result "0-1"]
[Round "09"]
[TimeControl "180+2"]
[Date "2023.05.30"]
[WhiteClock "0:00:00"]
[BlackClock "0:00:09"]

1. e4 e5 2. Nf3 Nf6 3. Nxe5 Qe7 4. Nf3 Nc6 5. Be2 Nxe4 6. O-O d5 7. Re1 h6 8. Bb5 Qc5 9. Bxc6+ bxc6 10. d3 Qxf2+ 11. Kh1 Bg4 12. dxe4 Bb4 13. exd5+ Bxe1 14. Qxe1+ Qxe1+ 15. Nxe1 O-O-O 16. Nc3 cxd5 17. Bf4 c6 18. Nd3 Bf5 19. Ne5 d4 20. Na4 d3 21. Nxf7 dxc2 22. Nxd8 Rxd8 23. Nc3 Bg4 24. Rg1 g5 25. Bc1 Kc7 26. h3 Be6 27. Rf1 Bc4 28. Re1 Bd3 29. Kg1 Rf8 30. Bd2 Kd6 31. Rc1 c5 32. b3 Rf7 33. Na4 Kd5 34. Nb2 Kd4 35. Nxd3 Kxd3 36. Ba5 Rf6 37. Be1 Ra6 38. Kf2 Rxa2 39. Kf3 Rb2 40. Bf2 Rxb3 41. Be3 Rb1 42. Kf2 a5 43. h4 gxh4 44. Bxh6 a4 0-1


[Site "https://www.chess.com"]

[Event "Titled Tuesday Blitz May 30 Early 2023"]
[White "Bjerre, Jonas Buhl"]
[Black "Uzcategui Rodriguez, Alejandro"]
[WhiteFideId "1444948"]
[BlackFideId "3903400"]
[WhiteElo "2525"]
[BlackElo "2252"]
[Result "1-0"]
[Round "09"]
[TimeControl "180+2"]
[Date "2023.05.30"]
[WhiteClock "0:02:21"]
[BlackClock "0:02:02"]

1. d4 d6 2. e4 Nf6 3. Nc3 e5 4. Nge2 Nbd7 5. g3 Be7 6. Bg2 O-O 7. O-O c6 8. h3 Qc7 9. a4 a5 10. Be3 Re8 11. Qd2 Bf8 12. Rad1 Nb6 13. b3 d5 14. dxe5 Qxe5 15. Bxb6 dxe4 16. Bd4 Qf5 17. Bxf6 Qxf6 18. Nxe4 Qg6 19. Nf4 Qf5 20. Rfe1 Bb4 21. Nf6+ 1-0


[Site "https://www.chess.com"]

[Event "Titled Tuesday Blitz May 30 Early 2023"]
[White "Galchenko, Matvey"]
[Black "Ibadov, Dashgyn"]
[WhiteFideId "24175480"]
[BlackFideId "24107514"]
[WhiteElo "2423"]
[BlackElo "2208"]
[Result "1-0"]
[Round "09"]
[TimeControl "180+2"]
[Date "2023.05.30"]
[WhiteClock "0:01:29"]
[BlackClock "0:01:54"]

1. e4 e5 2. Nf3 Nc6 3. d4 exd4 4. Nxd4 Nf6 5. Nxc6 bxc6 6. e5 Qe7 7. Qe2 Nd5 8. h4 f6 9. c4 Ba6 10. Rh3 fxe5 11. Bg5 Qb4+ 12. Nd2 Qxb2 13. Rb1 Qxa2 14. Qxe5+ Ne7 15. Ra1 Qc2 16. Bd3 1-0


[Site "https://www.chess.com"]

[Event "Titled Tuesday Blitz May 30 Early 2023"]
[White "Rustemov, Alexander"]
[Black "SashaKuzhilniy"]
[WhiteFideId "4119002"]
[WhiteElo "2813"]
[BlackElo "2631"]
[Result "1-0"]
[Round "09"]
[TimeControl "180+2"]
[Date "2023.05.30"]
[WhiteClock "0:00:21"]
[BlackClock "0:00:14"]

1. d4 Nf6 2. c4 e5 3. dxe5 Ng4 4. e3 Nxe5 5. Nh3 d5 6. cxd5 Bxh3 7. gxh3 Bd6 8. Nc3 Nbd7 9. Bg2 O-O 10. Qe2 Ng6 11. Bd2 Nh4 12. Bf1 a6 13. O-O-O b5 14. Kb1 Nc5 15. Qg4 b4 16. Ne2 Re8 17. Ng3 a5 18. Bb5 Re5 19. Bc6 Rb8 20. f4 f5 21. Qe2 Re7 22. Qc4 Ne4 23. Nxe4 Rxe4 24. Qd3 Qf6 25. Bc1 Rf8 26. Ba4 Rf7 27. Rhg1 Rfe7 28. Rg3 g6 29. Qa6 Kg7 30. Qxa5 Qf8 31. Qb5 Qa8 32. Bc2 b3 33. Bxb3 Rb4 34. Qc6 Qa7 35. Bd2 Rb6 36. Bc3+ Kh6 37. Bd4 Rxc6 38. Bxa7 Ra6 39. Bd4 Re4 40. Bf6 Bxf4 41. exf4 Rxf6 42. Rf1 Rb6 43. Rc3 Re7 44. a4 Ng2 45. Rf2 Ne3 46. Re2 Nxd5 47. Rxe7 Nxc3+ 48. bxc3 Rxb3+ 49. Ka2 Rxc3 50. a5 Rc5 51. Re5 Rc4 52. Kb3 Rxf4 53. a6 Rf1 54. Kb2 Rd1 55. Re8 Rd6 56. a7 Ra6 57. a8=Q Rxa8 58. Rxa8 Kg5 59. Ra4 Kf6 60. Kc2 g5 61. Kd3 h5 62. Kd4 g4 63. h4 f4 64. Ke4 f3 65. Ra6+ Kg7 66. Ke3 Kh7 67. Rc6 Kg7 68. Rxc7+ Kg6 69. Rc5 Kh6 70. Rg5 Kh7 71. Rxh5+ Kg6 72. Rg5+ Kh6 73. Rxg4 Kh7 74. Kxf3 Kh8 75. Kf4 Kh7 76. Kg5 Kg7 77. h5 Kh7 78. h6 Kh8 79. Ra4 Kh7 80. Ra7+ Kh8 81. Kg6 Kg8 82. Ra8# 1-0


[Site "https://www.chess.com"]

[Event "Titled Tuesday Blitz May 30 Early 2023"]
[White "Janik, Igor"]
[Black "Al-Tarboush, Ward"]
[WhiteFideId "1159259"]
[BlackFideId "7601450"]
[WhiteElo "2484"]
[BlackElo "2265"]
[Result "0-1"]
[Round "09"]
[TimeControl "180+2"]
[Date "2023.05.30"]
[WhiteClock "0:00:08"]
[BlackClock "0:00:10"]

1. e4 e6 2. Qe2 c5 3. d3 Nc6 4. Nf3 Nge7 5. g3 d6 6. Bg2 g6 7. O-O Bg7 8. a4 O-O 9. c3 b6 10. Nbd2 Bb7 11. Nc4 Qc7 12. Bf4 e5 13. Bd2 f5 14. Rfd1 a6 15. Bg5 b5 16. Ne3 b4 17. Nd2 f4 18. Nd5 Nxd5 19. exd5 Ne7 20. Bxe7 Qxe7 21. Be4 Qf7 22. Qf3 h5 23. Nc4 Rad8 24. Re1 g5 25. h3 Bc8 26. g4 hxg4 27. hxg4 Qd7 28. cxb4 cxb4 29. Rec1 Qxg4+ 30. Qxg4 Bxg4 31. f3 Bh5 32. Na5 g4 33. Nc6 Rd7 34. Kf2 Bf6 35. Rh1 g3+ 36. Kg2 Be8 37. Rac1 Rc7 38. Rc4 a5 39. Nxa5 Rxc4 40. Nxc4 Bxa4 41. Nxd6 Rd8 42. Nc4 Bb3 43. Ra1 Kg7 44. Ra7+ Kh6 45. Ra6 Kg5 46. Nd6 Rd7 47. Bf5 Rc7 48. Ne4+ Kh4 49. Rxf6 Rc2+ 50. Kf1 Rc1+ 51. Ke2 Rc2+ 52. Ke1 Rc1+ 53. Kd2 Rc2+ 54. Kd1 Rc6+ 55. Ke2 Rxf6 56. Nxf6 Kg5 57. d6 Kxf6 58. d7 Ke7 59. Kf1 Bd5 60. Kg2 Bc6 61. Be4 Bxe4 62. dxe4 Kxd7 0-1


[Site "https://www.chess.com"]

[Event "Titled Tuesday Blitz May 30 Early 2023"]
[White "brm72"]
[Black "Hambleton, Aman"]
[BlackFideId "2606577"]
[WhiteElo "2623"]
[BlackElo "2511"]
[Result "0-1"]
[Round "09"]
[TimeControl "180+2"]
[Date "2023.05.30"]
[WhiteClock "0:01:32"]
[BlackClock "0:00:42"]

1. d4 e5 2. dxe5 Nc6 3. Nf3 Qe7 4. Bf4 Qb4+ 5. Bd2 Qxb2 6. Bc3 Bb4 7. Bxb4 Nxb4 8. Na3 Qxa3 9. Qd2 Qb2 10. Rc1 Nxa2 11. Rd1 Qc3 12. e3 Qxd2+ 13. Kxd2 Nb4 14. Bc4 Ne7 15. Kc3 Nbc6 16. Ng5 Nxe5 17. Bb3 h6 18. Ne4 d6 19. f4 N5c6 20. h3 Be6 21. g4 Bxb3 22. cxb3 O-O-O 23. b4 a6 24. Rd2 Rhe8 25. Ra1 Nxb4 26. Kxb4 Nc6+ 27. Kc3 Rxe4 28. Rd3 Rde8 0-1


[Site "https://www.chess.com"]

[Event "Titled Tuesday Blitz May 30 Early 2023"]
[White "Iskusnyh, Sergei"]
[Black "Papasimakopoulos, Alexandros"]
[WhiteFideId "4120027"]
[BlackFideId "4244125"]
[WhiteElo "2492"]
[BlackElo "2359"]
[Result "0-1"]
[Round "09"]
[TimeControl "180+2"]
[Date "2023.05.30"]
[WhiteClock "0:00:00"]
[BlackClock "0:00:05"]

1. d4 e6 2. c4 Nf6 3. g3 Bb4+ 4. Bd2 Be7 5. Bg2 d5 6. Nf3 O-O 7. O-O c6 8. Qc2 Ne4 9. Bf4 Nd7 10. Nc3 f5 11. Rad1 g5 12. Bc1 g4 13. Ne1 h5 14. Nd3 Bg5 15. Bxg5 Qxg5 16. Nf4 Ndf6 17. f3 Nxc3 18. Qxc3 h4 19. Qe3 hxg3 20. hxg3 gxf3 21. exf3 Qxg3 22. Nxe6 Bxe6 23. Qxe6+ Rf7 24. Rf2 Re8 25. Qxf5 Ne4 26. Qxf7+ Kxf7 27. fxe4+ Ke7 28. cxd5 cxd5 29. e5 Qg4 30. Rd3 Rc8 31. Rc3 Rc4 32. Rxc4 dxc4 33. d5 b5 34. d6+ Ke6 35. Kh2 Qh4+ 36. Bh3+ Kxe5 37. Rf5+ Kxd6 38. Rxb5 Qf4+ 39. Kh1 Qc1+ 40. Kh2 Qd2+ 41. Bg2 Qf4+ 42. Kh1 Qd4 43. a4 Qd1+ 44. Kh2 Qxa4 45. Rb7 a5 46. Kg3 Ke5 47. Bf3 Qe8 48. Kf2 Kd4 49. Ra7 Qe3+ 50. Kg2 Kd3 51. Rb7 Kc2 52. Kg3 Qe5+ 53. Kg4 a4 54. Kh3 Qxb2 55. Ra7 a3 56. Be4+ Kd2 57. Kg4 Qd4 58. Re7 a2 0-1


[Site "https://www.chess.com"]

[Event "Titled Tuesday Blitz May 30 Early 2023"]
[White "Simonian, Hrair"]
[Black "MKlose11"]
[WhiteFideId "13302337"]
[WhiteElo "2447"]
[BlackElo "2618"]
[Result "1-0"]
[Round "09"]
[TimeControl "180+2"]
[Date "2023.05.30"]
[WhiteClock "0:01:29"]
[BlackClock "0:00:00"]

1. e4 e6 2. d4 d5 3. Nc3 Bb4 4. e5 Ne7 5. Bd2 b6 6. Nb5 Bxd2+ 7. Qxd2 O-O 8. f4 Ba6 9. Nf3 c6 10. Nd6 Bxf1 11. Rxf1 c5 12. c3 Nbc6 13. Kf2 Nc8 14. Nxc8 Rxc8 15. Kg1 cxd4 16. cxd4 Ne7 17. Rac1 Qd7 18. Qd3 h6 19. g4 Rxc1 20. Rxc1 Rc8 21. Rc3 Rxc3 22. Qxc3 Qa4 23. a3 Qd1+ 24. Kg2 Ng6 25. Kg3 Qe2 26. h4 h5 27. f5 hxg4 28. fxg6 Qxf3+ 29. Qxf3 gxf3 30. Kxf3 fxg6 31. Kg4 Kh8 32. Kg5 Kh7 33. a4 a6 34. b4 b5 35. a5 Kh8 36. Kxg6 Kg8 37. h5 Kf8 38. h6 Kg8 39. h7+ Kh8 40. Kf7 g5 41. Kxe6 g4 42. Kxd5 g3 43. e6 g2 44. e7 g1=Q 45. e8=Q+ Kxh7 46. Qe7+ Kg8 47. Qe6+ Kf8 48. Qf6+ Ke8 49. Kd6 Qg7 50. Qxg7 1-0


[Site "https://www.chess.com"]

[Event "Titled Tuesday Blitz May 30 Early 2023"]
[White "Hasangatin, Ramil"]
[Black "Sadykov, Ramil"]
[WhiteFideId "4122160"]
[BlackFideId "24113590"]
[WhiteElo "2279"]
[BlackElo "2245"]
[Result "0-1"]
[Round "09"]
[TimeControl "180+2"]
[Date "2023.05.30"]
[WhiteClock "0:00:00"]
[BlackClock "0:00:04"]

1. e4 c6 2. Nf3 d5 3. d3 dxe4 4. dxe4 Qxd1+ 5. Kxd1 Nf6 6. Nfd2 e5 7. f3 Be6 8. Bc4 Bxc4 9. Nxc4 Nfd7 10. Be3 f6 11. a4 a5 12. Nbd2 Bc5 13. Ke2 Ke7 14. Nb3 Bxe3 15. Kxe3 b6 16. Rhd1 Ra7 17. Rd2 Na6 18. Rad1 Rb8 19. Rd6 Rc7 20. g3 Nac5 21. Nxc5 Nxc5 22. b3 Ne6 23. R6d2 Rbb7 24. Nd6 Rb8 25. Nf5+ Ke8 26. Rd6 Nc5 27. f4 g6 28. Nh6 exf4+ 29. gxf4 Ke7 30. Ng4 Rd7 31. e5 fxe5 32. fxe5 Rbd8 33. Rxd7+ Rxd7 34. Rf1 Rd5 35. h4 h5 36. Nf6 Rxe5+ 37. Kd4 Re6 38. Nh7 Re4+ 39. Kc3 Rxh4 40. Ng5 Ne4+ 41. Nxe4 Rxe4 42. Rg1 Kf6 43. Kd3 Re5 44. Kd4 Rg5 45. Re1 h4 46. Re8 h3 47. Rf8+ Kg7 48. Rf2 Rh5 49. Rh2 Kf6 50. Ke4 g5 51. Kf3 Kf5 52. Kg3 g4 53. Rf2+ Kg5 54. Kh2 Kh4 55. Rf4 Rd5 56. Rc4 Rd2+ 57. Kh1 Kg3 58. Rc3+ Kf2 0-1


[Site "https://www.chess.com"]

[Event "Titled Tuesday Blitz May 30 Early 2023"]
[White "Kleiman, Jake"]
[Black "Djordjevic, Vuk"]
[WhiteFideId "2020041"]
[BlackFideId "902098"]
[WhiteElo "2606"]
[BlackElo "2452"]
[Result "0-1"]
[Round "09"]
[TimeControl "180+2"]
[Date "2023.05.30"]
[WhiteClock "0:00:05"]
[BlackClock "0:00:06"]

1. e4 e6 2. d3 d5 3. Qe2 Be7 4. Nf3 Nf6 5. g3 c5 6. Bg2 O-O 7. O-O b5 8. e5 Nfd7 9. c4 bxc4 10. dxc4 Ba6 11. b3 Nc6 12. Bf4 Nb6 13. Na3 Rc8 14. Rad1 Nd4 15. Qb2 dxc4 16. bxc4 Nxc4 17. Nxc4 Bxc4 18. Rfe1 Qa5 19. Nxd4 cxd4 20. Qxd4 Bb4 21. Bd2 Bxd2 22. Qxd2 Qxa2 23. Qxa2 Bxa2 24. Rd7 a6 25. Bf1 Bd5 26. Bxa6 Rb8 27. Bf1 g5 28. Bg2 Bc4 29. h4 gxh4 30. Re4 Bb5 31. Rc7 hxg3 32. Rg4+ Kh8 33. Rxg3 Rbd8 34. Be4 Rd4 35. Bc2 Rh4 36. Kg2 Bc4 37. Rg5 h6 38. Rg3 Bd5+ 39. f3 Rh5 40. Rh3 Rxh3 41. Kxh3 Bxf3 42. Kh4 Kg7 43. Bb3 Kg6 44. Bc2+ Kg7 45. Bb3 Kg8 46. Kg3 Be4 47. Kf4 Bf5 48. Bc4 Rd8 49. Bb5 Rd4+ 50. Kf3 Rd5 51. Be8 Bg6 52. Kf4 Rd4+ 53. Kf3 Kf8 54. Rc8 Kg7 55. Rc7 Rd5 56. Kf4 Rd4+ 57. Kf3 Rd1 58. Ra7 Rf1+ 59. Kg3 Re1 60. Ra5 Re3+ 61. Kf4 Re4+ 62. Kf3 h5 63. Bc6 Re1 64. Kf4 Kh6 65. Ra8 Rf1+ 66. Kg3 Kg5 67. Ra4 Rg1+ 68. Kh2 Re1 69. Ra5 Kf4 70. Be8 Rxe5 71. Ra7 Rf5 72. Kh3 Kg5 73. Kg3 h4+ 74. Kg2 Bh5 75. Ra3 f6 76. Bd7 Re5 77. Ra4 Bg4 78. Ra2 Re3 79. Rd2 e5 80. Bc6 Re2+ 81. Rxe2 Bxe2 0-1


[Site "https://www.chess.com"]

[Event "Titled Tuesday Blitz May 30 Early 2023"]
[White "Streltsov, Alexey"]
[Black "Csonka, Balazs"]
[WhiteFideId "24104434"]
[BlackFideId "742910"]
[WhiteElo "2600"]
[BlackElo "2404"]
[Result "0-1"]
[Round "09"]
[TimeControl "180+2"]
[Date "2023.05.30"]
[WhiteClock "0:00:55"]
[BlackClock "0:00:05"]

1. d4 Nf6 2. Nc3 e6 3. e4 d5 4. e5 Nfd7 5. f4 c5 6. Nf3 Nc6 7. Be3 a6 8. Ne2 b5 9. c3 Qb6 10. a3 a5 11. g4 h5 12. gxh5 Ba6 13. Ng3 b4 14. axb4 axb4 15. Kf2 Be7 16. Bxa6 Rxa6 17. Qe2 Rxa1 18. Rxa1 O-O 19. f5 f6 20. fxe6 fxe5 21. Kg2 cxd4 22. cxd4 e4 23. Ng5 Bxg5 24. exd7 Nxd4 25. Qd2 Bxe3 26. Qxe3 Rf3 27. Qg5 Ne6 28. Ra8+ Rf8 29. Qxd5 Rxa8 30. Qxa8+ Kf7 31. Qxe4 Ke7 32. Qd5 Nf4+ 33. Kf3 Nxd5 34. Nf5+ Kxd7 35. Nxg7 Qf6+ 36. Nf5 Qxf5+ 37. Kg3 Ne3 38. h3 Qxh5 39. Kf4 Ng2+ 40. Kg3 Ne1 41. Kf4 Kc6 42. h4 Kb5 43. Ke3 Kc4 44. b3+ Kxb3 45. Kd2 Nc2 46. Kc1 Kc3 47. Kb1 Qg4 48. Ka2 b3+ 49. Kb1 Qc8 50. h5 Qa6 51. h6 Qa1# 0-1


[Site "https://www.chess.com"]

[Event "Titled Tuesday Blitz May 30 Early 2023"]
[White "Bartel, Michal"]
[Black "Matinian, Nikita"]
[WhiteFideId "1119257"]
[BlackFideId "24129100"]
[WhiteElo "2282"]
[BlackElo "2422"]
[Result "0-1"]
[Round "09"]
[TimeControl "180+2"]
[Date "2023.05.30"]
[WhiteClock "0:01:01"]
[BlackClock "0:02:09"]

1. e4 d6 2. g3 g6 3. Bg2 Bg7 4. Ne2 e5 5. O-O Nc6 6. c3 h5 7. h3 h4 8. g4 f5 9. gxf5 gxf5 10. exf5 Bxf5 11. d4 Qd7 12. Kh2 O-O-O 13. Bg5 Bf6 14. Bxf6 Nxf6 15. Nd2 Rhg8 16. Rg1 Rxg2+ 17. Rxg2 Bxh3 18. Rg6 Ng4+ 19. Kg1 Qf5 20. Rxg4 Qxg4+ 21. Ng3 hxg3 0-1


[Site "https://www.chess.com"]

[Event "Titled Tuesday Blitz May 30 Early 2023"]
[White "Prohaszka, Peter"]
[Black "Marra, Eduardo da Costa"]
[WhiteFideId "726265"]
[BlackFideId "2106990"]
[WhiteElo "2626"]
[BlackElo "2252"]
[Result "1-0"]
[Round "09"]
[TimeControl "180+2"]
[Date "2023.05.30"]
[WhiteClock "0:00:57"]
[BlackClock "0:00:38"]

1. d4 Nf6 2. c3 g6 3. Bg5 Bg7 4. Nd2 d5 5. Ngf3 c5 6. e3 Nc6 7. dxc5 a5 8. a4 O-O 9. Bb5 Qc7 10. O-O e5 11. Bxf6 Bxf6 12. e4 Be6 13. exd5 Bxd5 14. Bc4 Rad8 15. Bxd5 Rxd5 16. Qb3 Rfd8 17. Ne4 Be7 18. Rad1 Rxd1 19. Rxd1 Kg7 20. g3 h6 21. Kg2 Rxd1 22. Qxd1 Nd8 23. Qd5 f6 24. Nfd2 Nf7 25. Nc4 h5 26. h4 Qc8 27. Qxf7+ 1-0


[Site "https://www.chess.com"]

[Event "Titled Tuesday Blitz May 30 Early 2023"]
[White "Martinez Ramirez, Lennis"]
[Black "Sousa, Andre Ventura"]
[WhiteFideId "3509079"]
[BlackFideId "1917617"]
[WhiteElo "2410"]
[BlackElo "2333"]
[Result "1-0"]
[Round "09"]
[TimeControl "180+2"]
[Date "2023.05.30"]
[WhiteClock "0:02:09"]
[BlackClock "0:01:31"]

1. Nf3 Nf6 2. c4 e6 3. g3 a6 4. Bg2 b5 5. Nd4 d5 6. cxb5 e5 7. Nc6 Nxc6 8. bxc6 Bc5 9. O-O h5 10. e3 e4 11. d3 Bg4 12. Qc2 Qe7 13. dxe4 dxe4 14. Nc3 Bf5 15. h4 Kf8 16. b3 Re8 17. Bb2 Rg8 18. Rad1 g5 19. Nd5 Nxd5 20. Rxd5 gxh4 21. Qxc5 1-0


[Site "https://www.chess.com"]

[Event "Titled Tuesday Blitz May 30 Early 2023"]
[White "Veiga, Jose Francisco R P Neves"]
[Black "Shuvalov, Evgenij"]
[WhiteFideId "1930087"]
[BlackFideId "4187237"]
[WhiteElo "2320"]
[BlackElo "2080"]
[Result "1-0"]
[Round "09"]
[TimeControl "180+2"]
[Date "2023.05.30"]
[WhiteClock "0:00:15"]
[BlackClock "0:00:00"]

1. d4 Nf6 2. Nf3 g6 3. Nc3 d5 4. Bf4 a6 5. e3 Bg7 6. Be2 O-O 7. Ne5 b5 8. O-O Bb7 9. a4 b4 10. Na2 a5 11. c3 Na6 12. Rc1 c5 13. dxc5 Ne4 14. cxb4 g5 15. c6 Bc8 16. b5 gxf4 17. exf4 Nac5 18. f3 Qb6 19. Qd4 f6 20. fxe4 Nxa4 21. Qxb6 Nxb6 22. Ng4 dxe4 23. f5 h5 24. Ne3 Bh6 25. Rc3 e6 26. Bxh5 Nd5 27. Nxd5 exd5 28. Rg3+ Kh8 29. Nc3 Rd8 30. Bf7 a4 31. Nxd5 a3 32. Rxa3 Rxa3 33. bxa3 Kg7 34. c7 Rd6 35. Be6 Bb7 36. Re1 e3 37. h4 Kf8 38. Rc1 e2 39. Re1 Kg7 40. Rxe2 Bc1 41. Rc2 Bxa3 42. c8=Q Bxc8 43. Rxc8 Bb2 44. b6 Bd4+ 45. Kh2 Bxb6 46. Nxb6 Rxb6 47. Kh3 Rb4 48. g3 Rd4 49. Rc7+ 1-0


[Site "https://www.chess.com"]

[Event "Titled Tuesday Blitz May 30 Early 2023"]
[White "Ehlvest, Jaan"]
[Black "Moral Garcia, Serafin"]
[WhiteFideId "4500016"]
[BlackFideId "2201925"]
[WhiteElo "2442"]
[BlackElo "2274"]
[Result "1-0"]
[Round "09"]
[TimeControl "180+2"]
[Date "2023.05.30"]
[WhiteClock "0:00:33"]
[BlackClock "0:00:39"]

1. e4 e5 2. Nf3 Nf6 3. Nxe5 d6 4. Nf3 Nxe4 5. d3 Nf6 6. d4 d5 7. Bd3 Nc6 8. O-O Be7 9. h3 Nb4 10. Bb5+ Bd7 11. Bxd7+ Qxd7 12. Ne5 Qe6 13. Re1 Qd6 14. Bf4 Qd8 15. c3 Na6 16. Qa4+ Nd7 17. Nd2 f6 18. Nc6 bxc6 19. Qxc6 O-O 20. Qxa6 Nb6 21. a4 Bd6 22. Bxd6 Qxd6 23. a5 Nc8 24. Qxd6 Nxd6 25. Re7 Rf7 26. Re3 Rb8 27. b3 Kf8 28. Kf1 Re7 29. Ke2 Nb5 30. Rxe7 Kxe7 31. Kd3 Nd6 32. h4 Kd7 33. g3 c6 34. c4 dxc4+ 35. bxc4 Rb2 36. Kc3 Rb8 37. Re1 Rc8 38. Nb3 Rc7 39. Nc5+ Kc8 40. h5 Kb8 41. Na6+ 1-0


[Site "https://www.chess.com"]

[Event "Titled Tuesday Blitz May 30 Early 2023"]
[White "NikaVolkov"]
[Black "Devaev, Alexander"]
[BlackFideId "4169395"]
[WhiteElo "2651"]
[BlackElo "2172"]
[Result "1-0"]
[Round "09"]
[TimeControl "180+2"]
[Date "2023.05.30"]
[WhiteClock "0:00:30"]
[BlackClock "0:00:00"]

1. Nf3 Nf6 2. e3 c5 3. d4 cxd4 4. exd4 d5 5. c4 e6 6. Nc3 Bb4 7. Be2 dxc4 8. Bxc4 O-O 9. O-O Nc6 10. Be3 b6 11. Rc1 Bb7 12. Qe2 Bxc3 13. bxc3 Na5 14. Bd3 Rc8 15. Bg5 Qd6 16. Ne5 Nc6 17. Bxf6 gxf6 18. Qg4+ Kh8 19. Qh4 f5 20. Qf6+ Kg8 21. Bxf5 Nxe5 22. dxe5 Qd5 23. Bh3 Rc5 24. Rfe1 Qd8 25. Qh6 Kh8 26. Rcd1 Rd5 27. Rxd5 Bxd5 28. Bg4 Qe7 29. a4 Rg8 30. h3 Rg6 31. Qf4 Kg7 32. g3 Qc5 33. Bh5 Qxc3 34. Rc1 Qa3 35. Bxg6 hxg6 36. h4 Qe7 37. Kh2 Kh7 38. Rc8 Kg7 39. Qg5 Qxg5 40. hxg5 Bb3 41. a5 bxa5 42. Ra8 a4 43. Rxa7 Kf8 44. f4 Kg7 45. Kg2 Bc2 46. Kf3 Bb3 47. Ke3 Kf8 48. Kd4 Ke8 49. Kc5 Bd1 50. Kd6 Kf8 51. Ra8+ Kg7 52. Ke7 Bb3 53. Ke8 Kg8 54. Ra7 Bc2 55. Rxf7 Bb3 56. Ra7 Bc2 57. Ke7 Kg7 58. Kxe6+ Kf8 59. Kf6 1-0


[Site "https://www.chess.com"]

[Event "Titled Tuesday Blitz May 30 Early 2023"]
[White "Sanhueza, Cristian"]
[Black "MaryanKyrychenko"]
[WhiteFideId "116815"]
[WhiteElo "2174"]
[BlackElo "2643"]
[Result "1-0"]
[Round "09"]
[TimeControl "180+2"]
[Date "2023.05.30"]
[WhiteClock "0:00:10"]
[BlackClock "0:00:00"]

1. e4 c5 2. Nf3 d6 3. d4 cxd4 4. Nxd4 Nf6 5. Nc3 g6 6. Be3 Bg7 7. f3 O-O 8. Qd2 Nc6 9. Bc4 Bd7 10. O-O-O b5 11. Nxc6 Bxc6 12. Bxb5 Bxb5 13. Nxb5 Rb8 14. Nd4 Qd7 15. Nb3 Rfc8 16. Kb1 Qb7 17. Bd4 h5 18. h4 Rc4 19. Na5 Nxe4 20. fxe4 Qxb2+ 21. Bxb2 Rxb2+ 22. Kc1 Rxa2 23. Nb3 Rca4 24. Qd5 Bc3 25. Qb5 Rb4 26. Qe8+ Kg7 27. Rhf1 1-0


[Site "https://www.chess.com"]

[Event "Titled Tuesday Blitz May 30 Early 2023"]
[White "FunnyDuck66"]
[Black "Jakubowski, Krzysztof"]
[BlackFideId "1112848"]
[WhiteElo "2380"]
[BlackElo "2359"]
[Result "0-1"]
[Round "09"]
[TimeControl "180+2"]
[Date "2023.05.30"]
[WhiteClock "0:00:55"]
[BlackClock "0:00:40"]

1. d4 Nf6 2. Nf3 e6 3. Bg5 h6 4. Bh4 c5 5. e3 Nc6 6. Nbd2 cxd4 7. exd4 d5 8. c3 Be7 9. Bd3 g5 10. Bg3 Nh5 11. O-O Bd7 12. Ne5 Nxg3 13. Nxf7 Kxf7 14. fxg3+ Kg7 15. Qh5 Qe8 16. Qe2 Rf8 17. Nf3 Bd6 18. Bc2 Ne7 19. Ne5 Rxf1+ 20. Rxf1 Bxe5 21. Qxe5+ Kg8 22. Qf6 Qf8 23. Bh7+ Kxh7 24. Qxf8 Rxf8 25. Rxf8 Kg7 26. Rf1 Nf5 27. Kf2 a5 28. g4 Nd6 29. Ke3 Nc4+ 30. Kf3 Nd2+ 0-1


[Site "https://www.chess.com"]

[Event "Titled Tuesday Blitz May 30 Early 2023"]
[White "Bortnyk, Olexandr"]
[Black "Arabidze, Meri"]
[WhiteFideId "14120828"]
[BlackFideId "13604040"]
[WhiteElo "2734"]
[BlackElo "2405"]
[Result "1-0"]
[Round "09"]
[TimeControl "180+2"]
[Date "2023.05.30"]
[WhiteClock "0:00:05"]
[BlackClock "0:00:00"]

1. b4 f5 2. Bb2 Nf6 3. e3 e6 4. b5 d5 5. g4 Nxg4 6. Nf3 a6 7. a4 axb5 8. axb5 Rxa1 9. Bxa1 Nd7 10. Rg1 Ngf6 11. Nc3 g6 12. h4 Bg7 13. Ng5 Qe7 14. Be2 h6 15. Nh3 Ng4 16. Bxg4 fxg4 17. Qxg4 Ne5 18. Qg3 Qxh4 19. Qxh4 Nf3+ 20. Ke2 Nxh4 21. Nf4 Kf7 22. Nd3 c6 23. f4 Nf5 24. b6 g5 25. Na4 Bxa1 26. Rxa1 gxf4 27. Ne5+ Kf6 28. exf4 Rg8 29. c3 h5 30. Nc5 h4 31. Kf2 h3 32. Rh1 Rg2+ 33. Ke1 h2 34. Rxh2 Rxh2 35. Ng4+ Ke7 36. Nxh2 Kd6 37. d4 Ne3 38. Nf3 Nc4 39. Na4 Bd7 40. Ne5 Be8 41. Nxc4+ dxc4 42. Nc5 Bg6 43. Nxb7+ Kd7 44. Nc5+ Kc8 45. Kf2 Bf5 46. Kg3 Kd8 47. Kh4 Kc8 48. Kg5 Kd8 49. Kf6 Kc8 50. Ke5 Kb8 51. Kd6 Kc8 52. Kxc6 Kb8 53. Nd7+ 1-0


[Site "https://www.chess.com"]